 Dungeon Crawl Stone Soup version 0.29.1-1-gd02db6906a (webtiles) character file.

Game seed: 17958426273439229426

492 Earthwalker the Poker (level 6, -12/55 HPs)
             Began as a Minotaur Fighter on Oct 14, 2022.
             Was an Initiate of Okawaru.
             Mangled by an orc warrior
             ... wielding a +0 dire flail
              (13 damage)
             ... on level 4 of the Dungeon.
             The game lasted 00:09:12 (4793 turns).

Earthwalker the Poker (Minotaur Fighter)            Turns: 4793, Time: 00:09:12

Health: -12/55     AC:  7    Str: 22    XL:     6   Next: 91%
Magic:  5/5        EV: 10    Int:  5    God:    Okawaru [......]
Gold:   1058       SH:  4    Dex: 10    Spells: 5/5 levels left

rFire   . . .      SeeInvis .   a - +1 trident
rCold   . . .      Faith    .   c - +0 buckler
rNeg    . . .      Spirit   .   b - +0 scale mail
rPois   .          Reflect  .   (helmet restricted)
rElec   .          Harm     .   (no cloak)
rCorr   .          Rampage  .   (no gloves)
Will    .....                   (no boots)
Stlth   ..........              (no amulet)
HPRegen 0.18/turn               l - ring of wizardry
MPRegen 0.09/turn               (no ring)

@: no status effects
A: horns 2, retaliatory headbutt
a: Renounce Religion


You were on level 4 of the Dungeon.
You worshipped Okawaru.
Okawaru was noncommittal.
You visited 1 branch of the dungeon, and saw 5 of its levels.

You collected 1058 gold pieces.

Inventory:

Hand Weapons
 a - a +1 trident (weapon)
Missiles
 j - a throwing net
 s - 12 poisoned darts
 w - a boomerang (quivered)
Armour
 b - a +0 scale mail (worn)
 c - a +0 buckler (worn)
Jewellery
 l - a ring of wizardry (left hand)
Wands
 o - a wand of flame (11)
Scrolls
 e - a scroll of poison
 f - 4 scrolls of immolation
 g - 3 scrolls of teleportation
 m - a scroll of fog
 p - 3 scrolls of noise {unknown}
 q - 3 scrolls of magic mapping
 v - a scroll of enchant weapon
Potions
 d - 2 potions of might
 h - 3 potions of curing
 i - a potion of degeneration
 k - 2 potions of attraction
 n - a potion of magic
 r - a potion of mutation {unknown}
 t - 2 potions of flight {unknown}
 u - a potion of ambrosia {unknown}


   Skills:
 * Level 4.9 Fighting
 * Level 6.0 Polearms
 + Level 0.2 Throwing
 * Level 5.4 Armour
 * Level 2.1 Dodging
 + Level 0.1 Stealth
 * Level 4.7 Shields


You had 5 spell levels left.
You didn't know any spells.
Your spell library contained the following spells:

 Spells                   Type           Power      Damage    Failure   Level
 Conjure Flame            Conj/Fire      0%         6-21      87%         3
 Frozen Ramparts          Ice            0%         1d1       87%         3
 Ignite Poison            Fire/Tmut/Pois 0%         N/A       87%         3
 Mephitic Cloud           Conj/Pois/Air  0%         N/A       87%         3
 Ice Form                 Ice/Tmut       0%         N/A       99%         4
 Sticky Flame             Conj/Fire      0%         2d3       99%         4
 Freezing Cloud           Conj/Ice/Air   0%         6-21      100%        5
 Summon Ice Beast         Ice/Summ       Unusable   N/A       N/A         4

Dungeon Overview and Level Annotations

Branches:
Dungeon (5/15)
 Temple: D:4-7

Altars:
Dithmenos
Elyvilon
Okawaru

Annotations:
D:3 1 runed translucent door, Crazy Yiuf
D:4 3 runed translucent doors, LabCoat's ghost, novice HOFi


Innate Abilities, Weirdness & Mutations

You have a pair of horns on your head.
You reflexively headbutt those who attack you in melee.


Message History

Aim: an orc warrior, wielding a +0 dire flail and wearing a +0 plate armour (lightly wounded, 57% to hit)
You throw a boomerang.
The boomerang closely misses the orc warrior.
Throw: boomerang
Press: ? - help, Q - select action, (/) - cycle Shift-Dir - straight line, f/p - orc warrior
Aim: an orc warrior, wielding a +0 dire flail and wearing a +0 plate armour (lightly wounded, 57% to hit)
You throw a boomerang.
The boomerang closely misses the orc warrior.
The boomerang closely misses the adder.
The orc shoots a sling bullet.
The sling bullet barely misses you.
The orc shoots a sling bullet.
The sling bullet hits you. You block the orc warrior's attack.
The orc shoots a sling bullet.
The sling bullet hits you but does no damage.
You climb upwards.
Level annotation: 3 runed translucent doors, LabCoat's ghost, novice HOFi
There is a stone staircase leading down here.
You hit the orc warrior.
The orc warrior is moderately wounded.
The orc warrior hits you with a +0 dire flail!
You hit the orc warrior. Your headbutt misses the orc warrior.
The orc warrior is moderately wounded.
The orc warrior hits you with a +0 dire flail.
You hit the orc warrior. Your headbutt misses the orc warrior.
The orc warrior is heavily wounded.
The orc warrior barely misses you.
You barely miss the orc warrior.
The orc warrior is heavily wounded.
The orc warrior hits you with a +0 dire flail!
You hit the orc warrior.
The orc warrior is severely wounded.
You block the orc warrior's attack.
You closely miss the orc warrior. You headbutt the orc warrior.
The orc warrior is almost dead.
The orc warrior hits you with a +0 dire flail!!
* * * LOW HITPOINT WARNING * * *
You closely miss the orc warrior.
You headbutt the orc warrior, but do no damage.
The orc warrior is almost dead.
The orc warrior hits you with a +0 dire flail!
You die...

##...####.........####...#..##
#.......+.........'..)........
##...####..^......####...#.###
##.## ##.......## ##.##.# #.#
##.....## ####.# ##.####
##...## #.# ##.....# ##'## #.#
#...##.# #)# #<# #..###.####
#@# #########.#
#.........###o####.........#
#...##.##.##..........######
#......##.#.....##.##.#
#.#.#####.##...###.##.#
#......##.###..###.##.#
###.##.........[...##.#
#.......###.>######.#
######### #..# #.#


You could see an orc warrior.

Vanquished Creatures
  2 ogres (D:4)
  A scorpion (D:5)
  2 orc priests
  An iguana (D:4)
  4 gnolls
  An adder (D:3)
  2 ufetubi (D:4)
  2 worms
  2 dart slugs
  16 orcs
  7 bats
  9 endoplasms
  3 giant cockroaches
  5 hobgoblins
  7 kobolds
  5 quokkas
  10 ball pythons
  3 frilled lizards
  12 goblins
  5 rats
99 creatures vanquished.

Notes
Turn   | Place    | Note
-------+----------+-------------------------------------------
     0 | D:1      | Earthwalker the Minotaur Fighter began the quest for the
                  | Orb.
     0 | D:1      | Reached XP level 1. HP: 19/19 MP: 0/0
   103 | D:1      | Reached XP level 2. HP: 26/27 MP: 1/1
   866 | D:1      | Reached XP level 3. HP: 30/33 MP: 2/2
  1305 | D:2      | Reached skill level 1 in Dodging
  1405 | D:2      | Reached skill level 3 in Polearms
  2136 | D:3      | Reached XP level 4. HP: 40/40 MP: 3/3
  2352 | D:3      | Reached skill level 4 in Polearms
  2626 | D:3      | Found a runed translucent door.
  2627 | D:3      | Noticed Crazy Yiuf
  2667 | D:3      | Found a shadowy altar of Dithmenos.
  2667 | D:3      | Found a white marble altar of Elyvilon.
  2992 | D:3      | Reached XP level 5. HP: 42/47 MP: 4/4
  3192 | D:3      | Identified a scroll of acquirement
  3192 | D:3      | Acquired 824 gold pieces
  3510 | D:4      | Found a runed translucent gate.
  3510 | D:4      | Noticed LabCoat's ghost (novice HOFi)
  3511 | D:4      | Found a runed translucent gate.
  3512 | D:4      | Found a runed translucent gate.
  3515 | D:4      | Identified the +3 spear "Beastslayer" {vorpal, rElec Int+5}
  3576 | D:4      | Noticed an ogre
  3584 | D:4      | Killed an ogre
  3778 | D:4      | Reached XP level 6. HP: 53/53 MP: 5/5
  3841 | D:4      | Reached skill level 5 in Polearms
  4007 | D:4      | Reached skill level 5 in Armour
  4279 | D:4      | Found an iron altar of Okawaru.
  4289 | D:4      | Became a worshipper of Warmaster Okawaru
  4409 | D:5      | Entered Level 5 of the Dungeon
  4552 | D:5      | Noticed an orc warrior
  4727 | D:5      | Reached skill level 6 in Polearms
  4792 | D:4      | HP: 1/55 [orc warrior/+0 dire flail (21)]
  4793 | D:4      | Mangled by an orc warrior

Illustrated notes

Levels and vault maps discovered:
D:1:      dpeg_arrival_orchard, layout_basic
D:2:      layout_basic
D:3:      layout_rooms, nicolae_overflow_two_pavilions, uniq_crazy_yiuf_cottage
D:4:      layout_loops_corners, kennysheep_okawaru_gauntlet,
          biasface_ghost_orc_armoury
D:5:      layout_cave_pools, kennysheep_orc_sif_temple, minmay_misc_feat_cross,
          chequers_avenue, corexii_corridor_pit, st_stairs_5

Skill      XL: |  1  2  3  4  5  6 |
---------------+-------------------+-----
Armour         | 4 5 |  5.4
Fighting       | 4 |  4.9
Shields        | 4 |  4.7
Dodging        | 1 2 |  2.1
Polearms       | 3 4 6 |  6.0
Throwing       | |  0.2
Stealth        | |  0.1

Action                   |  1- 3 |  4- 6 || total
-------------------------+-------+-------++-------
Melee: Trident           |   120 |   142 ||   262
       Headbutt          |     6 |    18 ||    24
Throw: Boomerang         |       |    17 ||    17
  Use: Scroll            |       |    12 ||    12
       Potion            |       |     1 ||     1
Armor: Scale mail        |    48 |    34 ||    82
Dodge: Dodged            |    34 |    53 ||    87
Block: Buckler           |    13 |    28 ||    41
